 Dungeon Crawl Stone Soup version 0.26.1-16-g4e020e15dc (webtiles) character file.

Game seed: 15700206207235393006

116 Froggeryz the Cudgeller (level 4, 0/36 HPs)
             Began as a Demigod Gladiator on Mar 10, 2024.
             Succumbed to an adder's poison
             ... on level 3 of the Dungeon.
             The game lasted 00:02:25 (2494 turns).

Froggeryz the Cudgeller (Demigod Gladiator)         Turns: 2494, Time: 00:02:26

Health: 0/36       AC:  7    Str: 18 (19) XL:     4   Next: 43%
Magic:  6/6        EV: 12    Int: 10 (12) God:
Gold:   91         SH:  0    Dex: 14 (17) Spells: 3/3 levels left

rFire    . . .     SeeInvis .   a - +0 flail
rCold    . . .     Faith    .   (no shield)
rNeg     . . .     Spirit   .   m - +0 ring mail
rPois    .         Reflect  .   c - +0 helmet
rElec    .         Harm     .   (no cloak)
rCorr    .         Rampage  .   f - +0 pair of gloves
Will     .....                  (no boots)
Stlth    +.........             (no amulet)
HPRegen  0.12/turn              (no ring)
MPRegen  0.10/turn              (no ring)

@: lethally poisoned (0 -> -3)
A: high mp 1
a: no special abilities


You were on level 3 of the Dungeon.
You visited 1 branch of the dungeon, and saw 3 of its levels.

You collected 91 gold pieces.

Inventory:

Hand Weapons
 a - a +0 flail (weapon)
Missiles
 d - 3 throwing nets
 j - 32 poisoned darts (quivered)
 q - 8 boomerangs
Armour
 c - a +0 helmet (worn)
 f - a +0 pair of gloves (worn)
 m - a +0 ring mail (worn)
Scrolls
 b - a scroll of fear {unknown}
 e - 2 scrolls of amnesia {unknown}
 i - 3 scrolls of identify {unknown}
 k - a scroll of remove curse
 l - 4 scrolls of teleportation {unknown}
 r - a scroll of enchant armour {unknown}
 s - a scroll of enchant weapon {unknown}
Potions
 g - a potion of cancellation {unknown}
 h - a potion of degeneration
 n - 2 potions of resistance {unknown}
 o - a potion of attraction {unknown}
 p - a potion of haste {unknown}


   Skills:
 - Level 1.7 Fighting
 * Level 4.4 Maces & Flails
 - Level 1.7 Throwing
 + Level 2.1 Armour
 - Level 2.6 Dodging


You had 3 spell levels left.
You didn't know any spells.
Your spell library was empty.

Dungeon Overview and Level Annotations

Branches:
Dungeon (3/15)


Innate Abilities, Weirdness & Mutations

You have an increased reservoir of magic. (+10% MP)


Message History

The adder is severely wounded.
The jackal barely misses you. The jackal completely misses you.
The adder bites you.
* * * LOW HITPOINT WARNING * * *
The jackal barely misses you.
The jackal bites you but does no damage.
The adder bites you but does no damage.
You miss the adder.
The adder is severely wounded.
The jackal closely misses you. The jackal barely misses you.
The adder bites you.
* * * LOW HITPOINT WARNING * * *
You are lethally poisoned!
The adder poisons you!
The jackal bites you but does no damage.
The jackal closely misses you.
It was a potion of degeneration.
There was something very wrong with that liquid.
You feel weakened.
You feel dopey.
You feel clumsy.
You die...

#.#..#..# #.#..#..# #.......#
#####..#.## .........#
######..#.#.######.# #..
.#....<........# ..#
##.##.#hh##.#..###### ..#.#
#.....#oh@S....#
..#.###..#..#.###....#
#.#.#.##....#......#.#
#.#.#..'....#.####...##
#.#.#(##....#.........#
#.#.#.#.....#######...########
#.#.#.#..#### #.....S........
#...#.#..## #......########
##.......(.# #.....S##


You could see an adder, an orc and 3 jackals.

Vanquished Creatures
  An orc priest (D:3)
  An adder (D:2)
  2 oozes
  3 worms
  3 dart slugs
  A leopard gecko (D:2)
  3 orcs
  4 bats (D:1)
  A giant cockroach (D:2)
  8 goblins
  5 hobgoblins
  8 kobolds
  A quokka (D:2)
  4 frilled lizards
  6 rats
51 creatures vanquished.

Notes
Turn   | Place    | Note
-------+----------+-------------------------------------------
     0 | D:1      | Froggeryz the Demigod Gladiator began the quest for the
                  | Orb.
     0 | D:1      | Reached XP level 1. HP: 17/17 MP: 3/3
   311 | D:1      | Reached skill level 3 in Maces & Flails
   468 | D:1      | Reached XP level 2. HP: 24/24 MP: 4/4
   520 | D:1      | Reached skill level 1 in Armour
  1013 | D:2      | Reached XP level 3. HP: 29/29 MP: 5/5
  1795 | D:3      | Found a blossoming altar of Fedhas.
  1858 | D:3      | Reached skill level 4 in Maces & Flails
  2048 | D:2      | Reached XP level 4. HP: 28/36 MP: 6/6
  2318 | D:3      | Found an iron altar of Okawaru.
  2323 | D:3      | Found a bloodstained altar of Trog.
  2329 | D:3      | Found a sacrificial altar of Ru.
  2442 | D:3      | Noticed an ogre
  2493 | D:3      | HP: 1/36 [adder (2)]
  2494 | D:3      | Succumbed to an adder's poison

Illustrated notes

Levels and vault maps discovered:
D:1:      saegor_arrival_simple_e, layout_loops_ring, chequers_jeans,
          minmay_misc_feat_five, st_stairs_14
D:2:      layout_basic
D:3:      layout_basic, kennysheep_slug_shrine, lemuel_doored_altar,
          minmay_overflow_temple_star_quad

Skill      XL: |  1  2  3  4 |
---------------+-------------+-----
Maces & Flails | 3 4 |  4.4
Armour         | 1 2 |  2.1
Fighting       | |  1.7
Throwing       | |  1.7
Dodging        | |  2.6

Action                   |  1- 3 |  4- 6 || total
-------------------------+-------+-------++-------
Melee: Flail             |   124 |    23 ||   147
  Use: Scroll            |     1 |       ||     1
       Potion            |       |     1 ||     1
 Stab: Sleeping          |     3 |       ||     3
Armor: Leather armour    |    19 |       ||    19
       Ring mail         |    23 |    23 ||    46
Dodge: Dodged            |    77 |    37 ||   114
